Workbook
Name DIAS_AUSENCIAS_LEGAIS: '[1]DADOS-ESTATISTICOS'!$F$29
Name DIAS_LICENCA_MATERNIDADE: '[1]DADOS-ESTATISTICOS'!$F$35
Name DIAS_LICENCA_PATERNIDADE: '[1]DADOS-ESTATISTICOS'!$F$30
Name DIAS_NO_MES: '[1]DADOS-ESTATISTICOS'!$F$24
Name DIAS_PAGOS_EMPRESA_ACID_TRAB: '[1]DADOS-ESTATISTICOS'!$F$34
Name MESES_NO_ANO: '[1]DADOS-ESTATISTICOS'!$F$8
Name PERC_EMPREG_AFAST_TRAB: '[1]DADOS-ESTATISTICOS'!$F$33
Name PERC_GPS_FGTS: 'SEGUNDA A DOMINGO 12H DIURNO'!#REF!
Name PERC_GPS_FGTS: 'SEGUNDA A DOMINGO 12H NOTURNO'!#REF!
Name PERC_GPS_FGTS: #REF!
Name PERC_NASCIDOS_VIVOS_POPUL_FEM: '[1]DADOS-ESTATISTICOS'!$F$31
Name PERC_PARTIC_FEM_VIGIL: '[1]DADOS-ESTATISTICOS'!$F$36
Name PERC_PARTIC_MASC_VIGIL: '[1]DADOS-ESTATISTICOS'!$F$32
Name PERC_SUBSTITUTO_OUTRAS_AUSENCIAS: '[1]INSERÇÃO-DE-DADOS'!$F$51

Sheet Resumo
B2: Tipo de Serviço | D2: Valor por Empregado | E2: Qtde. de Empregados por Posto | F2: Valor por Posto | G2: Qtde. de Postos | H2: Valor Total do Serviço
B3: (A) | D3: (B) | E3: ( C) | F3: (D) = (B x C) | G3: (E) | H3: (F) = (D x E)
B4: 1 | C4: Segunda a domingo (12 horas diurnas) | D4: ='SEGUNDA A DOMINGO 12H DIURNO'!D122 -> 8128.976 | E4: 2 | F4: =D4*E4 -> 16257.952 | G4: 1 | H4: =F4*G4 -> 16257.952
B5: 2 | C5: Segunda a domingo (12 horas noturnas) | D5: ='SEGUNDA A DOMINGO 12H NOTURNO'!D122 -> 9066.4103 | E5: 2 | F5: =D5*E5 -> 18132.821 | G5: 1 | H5: =F5*G5 -> 18132.821
B6: Valor Mensal dos Serviços | H6: =SUM(H4:H5) -> 34390.773
B7: Valor Total (12 Meses) | H7: =H6*12 -> 412689.27

Sheet SEGUNDA A DOMINGO 12H DIURNO
A1: PLANILHA DE CUSTOS E FORMAÇÃO DE PREÇOS
A4: DISCRIMINAÇÃO DOS SERVIÇOS
A5: Vigilância – 12 horas diurnas, de segunda a domingo em turnos de 12x36 horas
A6: 1. MÓDULOS
A7: Mão de obra
A8: Mão de obra vinculada à execução contratual
A9: Dados para composição dos custos referentes a mão de obra
A10: 1 | B10: Tipo de serviço (mesmo serviço com características distintas)
A11: 2 | B11: Classificação Brasileira de Ocupações (CBO) | D11: CBO517330
A12: 3 | B12: Salário Normativo da Categoria Profissional | D12: 2370.63
A13: 4 | B13: Categoria Profissional (vinculada à execução contratual) | D13: SIND DOS VIGILANTE
A14: 5 | B14: Data-Base da Categoria (dia/mês/ano) | D14: 2025 a 2026
A16: Módulo 1 – Composição da Remuneração
A17: 1 | B17: Composição da Remuneração | D17: Valor (R$)
A18: A | B18: Salário-Base | D18: 2370.63
A19: B | B19: Adicional de Periculosidade | D19: =D18*30% -> 711.189
A20: C | B20: Adicional de Insalubridade
A21: D | B21: Adicional Noturno
A22: E | B22: Adicional de Hora Noturna Reduzida
A23: F | B23: Outros (especificar)
B24: Total | D24: =SUM(D18:D23) -> 3081.819
A26: Módulo 2 – Encargos e Benefícios Anuais, Mensais e Diários
A27: Submódulo 2.1 – 13º (décimo terceiro) Salário e Adicional de Férias
A28: 2.1 | B28: 13º (décimo terceiro) Salário, Férias e Adicional de Férias | D28: Valor (R$)
A29: A | B29: 13º (décimo terceiro) Salário | C29: =1/12 -> 0.083333333 | D29: =D24*C29 -> 256.81825
A30: B | B30: Adicional de Férias | C30: =(1/3)/12 -> 0.027777778 | D30: =D24*C30 -> 85.606083
B31: Total | C31: =SUM(C29:C30) -> 0.11111111 | D31: =SUM(D29:D30) -> 342.42433
A33: Submódulo 2.2 – Encargos Previdenciários (GPS), Fundo de Garantia por Tempo
A34: de Serviço (FGTS) e outras contribuições.
A35: 2.2 | B35: GPS, FGTS e outras contribuições | C35: Percentual (%) | D35: Valor (R$)
A36: A | B36: INSS | C36: 0.2 | D36: =(D24+D31)*C36 -> 684.84867
A37: B | B37: Salário Educação | C37: 0.025 | D37: =(D24+D31)*C37 -> 85.606083
A38: C | B38: SAT | C38: 0.03 | D38: =(D24+D31)*C38 -> 102.7273
A39: D | B39: SESC ou SESI | C39: 0.015 | D39: =(D24+D31)*C39 -> 51.36365
A40: E | B40: SENAI – SENAC | C40: 0.01 | D40: =(D24+D31)*C40 -> 34.242433
A41: F | B41: SEBRAE | C41: 0.006 | D41: =(D24+D31)*C41 -> 20.54546
A42: G | B42: INCRA | C42: 0.002 | D42: =(D24+D31)*C42 -> 6.8484867
A43: H | B43: FGTS | C43: 0.08 | D43: =(D24+D31)*C43 -> 273.93947
B44: Total | C44: =SUM(C36:C43) -> 0.368 | D44: =SUM(D36:D43) -> 1260.1215
A46: Submódulo 2.3 – Benefícios Mensais e Diários
A47: 2.3 | B47: Benefícios Mensais e Diários | D47: Valor (R$)
A48: A | B48: Transporte | D48: =(2*15*6)-(6%*D18) -> 37.7622
A49: B | B49: Auxílio-Refeição/Alimentação | C49: 52.09 | D49: =(C49*15)*80% -> 625.08
A50: C | B50: Assistência Médica e Familiar | D50: 124.7
A51: D | B51: Fundo de Formação Profissional (mensal) | D51: 10.04
A52: E | B52: Seguro de vida//invalidez e funeral | D52: 35
A53: F | B53: Auxílio-Refeição/Alimentação nas férias | D53: =((C49*15)*80%)/12 -> 52.09
B54: Total | D54: =SUM(D48:D53) -> 884.6722
A56: Quadro-Resumo do Módulo 2 – Encargos e Benefícios anuais, mensais e diários
A57: 2 | B57: Encargos e Benefícios Anuais, Mensais e Diários | D57: Valor (R$)
A58: 2.1 | B58: 13º (décimo terceiro) Salário, Férias e Adicional de Férias | D58: =D31 -> 342.42433
A59: 2.2 | B59: GPS, FGTS e outras contribuições | D59: =D44 -> 1260.1215
A60: 2.3 | B60: Benefícios Mensais e Diários | D60: =D54 -> 884.6722
B61: Total | D61: =SUM(D58:D60) -> 2487.2181
A63: Módulo 3 – Provisão para Rescisão
A64: 3 | B64: Provisão para Rescisão | C64: Percentual (%) | D64: Valor (R$)
A65: A | B65: Aviso Prévio Indenizado | C65: =((1/12)*0.05)*100% -> 0.0041666667 | D65: =(D24)*C65 -> 12.840912
A66: B | B66: Incidência do FGTS sobre o Aviso Prévio Indenizado | C66: =8%*C65 -> 0.00033333333 | D66: =(D24)*C66 -> 1.027273
A67: C | B67: Multa do FGTS e contribuição social sobre o Aviso Prévio Indenizado | C67: =((1+2/12+(1/3*1/12))*0.08*0.4*0.9) -> 0.0344 | D67: =(D24)*C67 -> 106.01457
A68: D | B68: Aviso Prévio Trabalhado | C68: =(1/30*7)/12 -> 0.019444444 | D68: =(D24)*C68 -> 59.924258
A69: E | B69: Incidência de GPS, FGTS e outras contribuições sobre o Aviso Prévio Trabalhado | C69: =C68*C44 -> 0.0071555556 | D69: =(D24)*C69 -> 22.052127
A70: F | B70: Multa do FGTS e contribuição social sobre o Aviso Prévio Trabalhado | C70: =C68*0.08*0.4 -> 0.00062222222 | D70: =(D24)*C70 -> 1.9175763
B71: Total | C71: =SUM(C65:C70) -> 0.066122222 | D71: =SUM(D65:D70) -> 203.77672
A73: Módulo 4 – Custo de Reposição do Profissional Ausente
A74: Submódulo 4.1 – Substituto de Ausências Legais
A75: 4.1 | B75: Substituto de Ausências Legais | C75: Percentual (%) | D75: Valor (R$)
A76: A | B76: Substituto na cobertura de Férias | C76: =(1/12) -> 0.083333333 | D76: =(D24)*C76 -> 256.81825
A77: B | B77: Substituto na cobertura de Ausências Legais | C77: =(8/30)/12 -> 0.022222222 | D77: =(D24)*C77 -> 68.484867
A78: C | B78: Substituto na cobertura de Licença Paternidade | C78: =((20/30)/12)*(1.416%)*45.22% -> 0.00035573067 | D78: =(D24)*C78 -> 1.0962975
A79: D | B79: Substituto na cobertura de Ausência por acidente de trabalho | C79: =(15/365)*8% -> 0.0032876712 | D79: =(D24)*C79 -> 10.132008
A80: E | B80: Substituto na cobertura de Afastamento Maternidade | C80: =0.121*0.03*((4/12)) -> 0.00121 | D80: =(D24)*C80 -> 3.729001
A81: F | B81: Substituto na cobertura de Outras ausências (especificar) | C81: 0.0006 | D81: =$D$24*C81 -> 1.8490914
B82: Total | C82: =SUM(C76:C81) -> 0.11100896 | D82: =SUM(D76:D81) -> 342.10951
A84: Submódulo 4.2 – Substituto na Intrajornada
A85: 4.2 | B85: Substituto na Intrajornada | D85: Valor (R$)
A86: A | B86: Substituto na cobertura de Intervalo para repouso ou alimentação | D86: =(D24/220)*1.5*15 -> 315.18603
B87: Total | D87: =D86 -> 315.18603
A89: Quadro-Resumo do Módulo 4 – Custo de Reposição do Profissional Ausente
A90: 4 | B90: Custo de Reposição do Profissional Ausente | D90: Valor (R$)
A91: 4.1 | B91: Substituto nas Ausências Legais | D91: =D82 -> 342.10951
A92: 4.2 | B92: Substituto na Intrajornada | D92: =D87 -> 315.18603
B93: Total | D93: =SUM(D91:D92) -> 657.29555
A95: Módulo 5 – Insumos Diversos
A96: 5 | B96: Insumo Diversos | D96: Valor (R$)
A97: A | B97: Equipamentos Coletivos (custo por funcionário) | D97: =' Insumos '!F25 -> 0
A98: B | B98: Equipamentos individuais
A99: C | B99: Uniformes | D99: =' Insumos '!F16 -> 179.40667
A100: D | B100: Outros (especificar)
B101: Total | D101: =SUM(D97:D100) -> 179.40667
A103: Módulo 6 – Custos Indiretos, Tributos e Lucro
A104: 6 | B104: Custos Indiretos, Tributos e Lucro | C104: Percentual (%) | D104: Valor (R$)
A105: A | B105: Custos Indiretos | C105: 0.06 | D105: =D120*C105 -> 396.57096
A106: B | B106: Lucro | C106: 0.0679 | D106: =(D120+D105)*C106 -> 475.71331
A107: C | B107: Tributos
B108: C.1. Tributos Federais ( PIS ) | C108: 0.0065 | D108: =(($D$120+$D$105+$D$106)/(1-$C$107))*C108 -> 48.631702
B109: C.2. Tributos Estaduais ( Confins ) | C109: 0.03 | D109: =(($D$120+$D$105+$D$106)/(1-$C$107))*C109 -> 224.45401
B110: C.3. Tributos Municipais ( ISS ) | C110: 0.05 | D110: =(($D$120+$D$105+$D$106)/(1-$C$107))*C110 -> 374.09001
B111: Total | C111: =(C105+C106+C107+C108+C109+C110) -> 0.2144 | D111: =SUM(D105:D110) -> 1519.46
A113: 2. QUADRO-RESUMO DO CUSTO POR EMPREGADO
B114: Mão de obra vinculada à execução contratual (valor por empregado) | D114: Valor (R$)
...

Sheet SEGUNDA A DOMINGO 12H NOTURNO
A1: PLANILHA DE CUSTOS E FORMAÇÃO DE PREÇOS
A4: DISCRIMINAÇÃO DOS SERVIÇOS
A5: Vigilância – 12 horas noturnas, de segunda a domingo em turnos de 12x36 horas.
A6: 1. MÓDULOS
A7: Mão de obra
A8: Mão de obra vinculada à execução contratual
A9: Dados para composição dos custos referentes a mão de obra
A10: 1 | B10: Tipo de serviço (mesmo serviço com características distintas)
A11: 2 | B11: Classificação Brasileira de Ocupações (CBO) | D11: CBO517330
A12: 3 | B12: Salário Normativo da Categoria Profissional | D12: 2370.63
A13: 4 | B13: Categoria Profissional (vinculada à execução contratual) | D13: SIND DOS VIGILANTE
A14: 5 | B14: Data-Base da Categoria (dia/mês/ano) | D14: 2025 a 2026
A16: Módulo 1 – Composição da Remuneração
A17: 1 | B17: Composição da Remuneração | D17: Valor (R$)
A18: A | B18: Salário-Base | D18: 2370.63
A19: B | B19: Adicional de Periculosidade | D19: =D18*30% -> 711.189
A20: C | B20: Adicional de Insalubridade
A21: D | B21: Adicional Noturno | D21: =(D18+D19)/220*20%*137.13 -> 384.19076
A22: E | B22: Adicional de Hora Noturna Reduzida
A23: F | B23: Outros (especificar)
B24: Total | D24: =SUM(D18:D23) -> 3466.0098
A26: Módulo 2 – Encargos e Benefícios Anuais, Mensais e Diários
A27: Submódulo 2.1 – 13º (décimo terceiro) Salário e Adicional de Férias
A28: 2.1 | B28: 13º (décimo terceiro) Salário, Férias e Adicional de Férias | D28: Valor (R$)
A29: A | B29: 13º (décimo terceiro) Salário | C29: =1/12 -> 0.083333333 | D29: =D24*C29 -> 288.83415
A30: B | B30: Adicional de Férias | C30: =(1/3)/12 -> 0.027777778 | D30: =D24*C30 -> 96.278049
B31: Total | C31: =SUM(C29:C30) -> 0.11111111 | D31: =SUM(D29:D30) -> 385.1122
A33: Submódulo 2.2 – Encargos Previdenciários (GPS), Fundo de Garantia por Tempo
A34: de Serviço (FGTS) e outras contribuições.
A35: 2.2 | B35: GPS, FGTS e outras contribuições | C35: Percentual (%) | D35: Valor (R$)
A36: A | B36: INSS | C36: 0.2 | D36: =(D24+D31)*C36 -> 770.22439
A37: B | B37: Salário Educação | C37: 0.025 | D37: =(D24+D31)*C37 -> 96.278049
A38: C | B38: SAT | C38: 0.03 | D38: =(D24+D31)*C38 -> 115.53366
A39: D | B39: SESC ou SESI | C39: 0.015 | D39: =(D24+D31)*C39 -> 57.766829
A40: E | B40: SENAI – SENAC | C40: 0.01 | D40: =(D24+D31)*C40 -> 38.51122
A41: F | B41: SEBRAE | C41: 0.006 | D41: =(D24+D31)*C41 -> 23.106732
A42: G | B42: INCRA | C42: 0.002 | D42: =(D24+D31)*C42 -> 7.7022439
A43: H | B43: FGTS | C43: 0.08 | D43: =(D24+D31)*C43 -> 308.08976
B44: Total | C44: =SUM(C36:C43) -> 0.368 | D44: =SUM(D36:D43) -> 1417.2129
A46: Submódulo 2.3 – Benefícios Mensais e Diários
A47: 2.3 | B47: Benefícios Mensais e Diários | D47: Valor (R$)
A48: A | B48: Transporte | D48: =(2*15*6)-(6%*D18) -> 37.7622
A49: B | B49: Auxílio-Refeição/Alimentação | C49: 52.09 | D49: =(C49*15)*80% -> 625.08
A50: C | B50: Assistência Médica e Familiar | D50: 124.7
A51: D | B51: Fundo de Formação Profissional (mensal) | D51: 10.04
A52: E | B52: Seguro de vida//invalidez e funeral | D52: 35
A53: F | B53: Auxílio-Refeição/Alimentação nas férias | D53: =((C49*15)*80%)/12 -> 52.09
B54: Total | D54: =SUM(D48:D53) -> 884.6722
A56: Quadro-Resumo do Módulo 2 – Encargos e Benefícios anuais, mensais e diários
A57: 2 | B57: Encargos e Benefícios Anuais, Mensais e Diários | D57: Valor (R$)
A58: 2.1 | B58: 13º (décimo terceiro) Salário, Férias e Adicional de Férias | D58: =D31 -> 385.1122
A59: 2.2 | B59: GPS, FGTS e outras contribuições | D59: =D44 -> 1417.2129
A60: 2.3 | B60: Benefícios Mensais e Diários | D60: =D54 -> 884.6722
B61: Total | D61: =SUM(D58:D60) -> 2686.9973
A63: Módulo 3 – Provisão para Rescisão
A64: 3 | B64: Provisão para Rescisão | C64: Percentual (%) | D64: Valor (R$)
A65: A | B65: Aviso Prévio Indenizado | C65: =((1/12)*0.05)*100% -> 0.0041666667 | D65: =(D24)*C65 -> 14.441707
A66: B | B66: Incidência do FGTS sobre o Aviso Prévio Indenizado | C66: =8%*C65 -> 0.00033333333 | D66: =(D24)*C66 -> 1.1553366
A67: C | B67: Multa do FGTS e contribuição social sobre o Aviso Prévio Indenizado | C67: =((1+2/12+(1/3*1/12))*0.08*0.4*0.9) -> 0.0344 | D67: =(D24)*C67 -> 119.23074
A68: D | B68: Aviso Prévio Trabalhado | C68: =(1/30*7)/12 -> 0.019444444 | D68: =(D24)*C68 -> 67.394634
A69: E | B69: Incidência de GPS, FGTS e outras contribuições sobre o Aviso Prévio Trabalhado | C69: =C68*C44 -> 0.0071555556 | D69: =(D24)*C69 -> 24.801225
A70: F | B70: Multa do FGTS e contribuição social sobre o Aviso Prévio Trabalhado | C70: =C68*0.08*0.4 -> 0.00062222222 | D70: =(D24)*C70 -> 2.1566283
B71: Total | C71: =SUM(C65:C70) -> 0.066122222 | D71: =SUM(D65:D70) -> 229.18027
A73: Módulo 4 – Custo de Reposição do Profissional Ausente
A74: Submódulo 4.1 – Substituto de Ausências Legais
A75: 4.1 | B75: Substituto de Ausências Legais | C75: Percentual (%) | D75: Valor (R$)
A76: A | B76: Substituto na cobertura de Férias | C76: =(1/12) -> 0.083333333 | D76: =(D24)*C76 -> 288.83415
A77: B | B77: Substituto na cobertura de Ausências Legais | C77: =(8/30)/12 -> 0.022222222 | D77: =(D24)*C77 -> 77.022439
A78: C | B78: Substituto na cobertura de Licença Paternidade | C78: =((20/30)/12)*(1.416%)*45.22% -> 0.00035573067 | D78: =(D24)*C78 -> 1.232966
A79: D | B79: Substituto na cobertura de Ausência por acidente de trabalho | C79: =(15/365)*8% -> 0.0032876712 | D79: =(D24)*C79 -> 11.395101
A80: E | B80: Substituto na cobertura de Afastamento Maternidade | C80: =0.121*0.03*((4/12)) -> 0.00121 | D80: =(D24)*C80 -> 4.1938718
A81: F | B81: Substituto na cobertura de Outras ausências (especificar) | C81: 0.0006 | D81: =$D$24*C81 -> 2.0796059
B82: Total | C82: =SUM(C76:C81) -> 0.11100896 | D82: =SUM(D76:D81) -> 384.75813
A84: Submódulo 4.2 – Substituto na Intrajornada
A85: 4.2 | B85: Substituto na Intrajornada | D85: Valor (R$)
A86: A | B86: Substituto na cobertura de Intervalo para repouso ou alimentação | D86: =(D24/220)*1.5*15*1.2 -> 425.37393
B87: Total | D87: =D86 -> 425.37393
A89: Quadro-Resumo do Módulo 4 – Custo de Reposição do Profissional Ausente
A90: 4 | B90: Custo de Reposição do Profissional Ausente | D90: Valor (R$)
A91: 4.1 | B91: Substituto nas Ausências Legais | D91: =D82 -> 384.75813
A92: 4.2 | B92: Substituto na Intrajornada | D92: =D87 -> 425.37393
B93: Total | D93: =SUM(D91:D92) -> 810.13206
A95: Módulo 5 – Insumos Diversos
A96: 5 | B96: Insumo Diversos | D96: Valor (R$)
A97: A | B97: Equipamentos Coletivos (custo por funcionário) | D97: =' Insumos '!F25 -> 0
A98: B | B98: Equipamentos individuais
A99: C | B99: Uniformes | D99: =' Insumos '!F16 -> 179.40667
A100: D | B100: Outros (especificar)
B101: Total | D101: =SUM(D97:D100) -> 179.40667
A103: Módulo 6 – Custos Indiretos, Tributos e Lucro
A104: 6 | B104: Custos Indiretos, Tributos e Lucro | C104: Percentual (%) | D104: Valor (R$)
A105: A | B105: Custos Indiretos | C105: 0.06 | D105: =D120*C105 -> 442.30356
A106: B | B106: Lucro | C106: 0.0679 | D106: =(D120+D105)*C106 -> 530.57261
A107: C | B107: Tributos
B108: C.1. Tributos Federais ( PIS ) | C108: 0.0065 | D108: =(($D$120+$D$105+$D$106)/(1-$C$107))*C108 -> 54.239914
B109: C.2. Tributos Estaduais ( Confins ) | C109: 0.03 | D109: =(($D$120+$D$105+$D$106)/(1-$C$107))*C109 -> 250.33807
B110: C.3. Tributos Municipais ( ISS ) | C110: 0.05 | D110: =(($D$120+$D$105+$D$106)/(1-$C$107))*C110 -> 417.23011
B111: Total | C111: =(C105+C106+C107+C108+C109+C110) -> 0.2144 | D111: =SUM(D105:D110) -> 1694.6843
A113: 2. QUADRO-RESUMO DO CUSTO POR EMPREGADO
B114: Mão de obra vinculada à execução contratual (valor por empregado) | D114: Valor (R$)
...

Sheet  Insumos 
A1: Descrição dos Insumo Diversos – Custo por Funcionário
A2: Uniformes
A3: Descrição | B3: Quantidade p/ 12 meses | C3: Valor Unit. | D3: Valor Total p/ 12 meses | E3: Valor Mensal p/ Posto | F3: Valor Mensal por funcionário
A4: Calça | B4: 16 | C4: 148.6 | D4: =B4*C4 -> 2377.6 | E4: =D4/12 -> 198.13333 | F4: =E4/4 -> 49.533333
A5: Camisa de manga curta | B5: 16 | C5: 103.27 | D5: =B5*C5 -> 1652.32 | E5: =D5/12 -> 137.69333 | F5: =E5/4 -> 34.423333
A6: Camisa de manga comprida | B6: 16 | C6: 99.57 | D6: =B6*C6 -> 1593.12 | E6: =D6/12 -> 132.76 | F6: =E6/4 -> 33.19
A7: Cinto de Nylon | B7: 4 | C7: 24.97 | D7: =B7*C7 -> 99.88 | E7: =D7/12 -> 8.3233333 | F7: =E7/4 -> 2.0808333
A8: Par de coturnos ou sapatos | B8: 8 | C8: 138.3 | D8: =B8*C8 -> 1106.4 | E8: =D8/12 -> 92.2 | F8: =E8/4 -> 23.05
A9: Par de meias | B9: 24 | C9: 24.4 | D9: =B9*C9 -> 585.6 | E9: =D9/12 -> 48.8 | F9: =E9/4 -> 12.2
A10: Jaqueta forrada | B10: 4 | C10: 176.3 | D10: =B10*C10 -> 705.2 | E10: =D10/12 -> 58.766667 | F10: =E10/4 -> 14.691667
A11: Capa de chuva | B11: 4 | C11: 27.1 | D11: =B11*C11 -> 108.4 | E11: =D11/12 -> 9.0333333 | F11: =E11/4 -> 2.2583333
A12: Cracha | B12: 4 | C12: 6.03 | D12: =B12*C12 -> 24.12 | E12: =D12/12 -> 2.01 | F12: =E12/4 -> 0.5025
A13: Apito | B13: 4 | C13: 11.83 | D13: =B13*C13 -> 47.32 | E13: =D13/12 -> 3.9433333 | F13: =E13/4 -> 0.98583333
A14: Cordão de apito | B14: 4 | C14: 12.57 | D14: =B14*C14 -> 50.28 | E14: =D14/12 -> 4.19 | F14: =E14/4 -> 1.0475
A15: Boné ou equivalente | B15: 8 | C15: 32.66 | D15: =B15*C15 -> 261.28 | E15: =D15/12 -> 21.773333 | F15: =E15/4 -> 5.4433333
A16: Subtotal | D16: =SUM(D4:D15) -> 8611.52 | E16: =SUM(E4,E5,E6,E7,E8,E9,E10,E11,E12,E13,E14,E15) -> 717.62667 | F16: =SUM(F4,F5,F6,F7,F8,F9,F10,F11,F12,F13,F14,F15) -> 179.40667
A18: Equipamentos Coletivos Por Postos
A19: Descrição | B19: Quantidade p/ 12 meses | C19: Valor Unit. | D19: Valor Total p/ 12 meses | E19: Valor Mensal p/ Posto | F19: Valor Mensal por funcionário
A20: Livro de ocorrência | B20: 1 | C20: 17.92 | D20: =B20*C20 -> 17.92 | E20: =D20/12 -> 1.4933333 | F20: =E20/4 -> 0.37333333
A21: Cassetete | B21: 2 | C21: 48.73 | D21: =B21*C21 -> 97.46 | E21: =D21/12 -> 8.1216667 | F21: =E21/4 -> 2.0304167
A22: Porta cassetete | B22: 2 | C22: 20.97 | D22: =B22*C22 -> 41.94 | E22: =D22/12 -> 3.495 | F22: =E22/4 -> 0.87375
A23: Lanterna Portatil em LED recarregável | B23: 1 | C23: 28.16 | D23: =B23*C23 -> 28.16 | E23: =D23/12 -> 2.3466667 | F23: =E23/4 -> 0.58666667
A24: Subtotal | D24: =SUM(D20:D23) -> 185.48 | E24: =SUM(E20:E23) -> 15.456667 | F24: =E24/4 -> 3.8641667
A25: Total geral | D25: =D16+D24 -> 8797
